 Dungeon Crawl Stone Soup version 0.28.0-1-gb440e238dd (webtiles) character file.

Game seed: 11845697314981409855

21 spaghetti the Caller (level 2, -1/19 HPs)
             Began as a Naga Summoner on Feb 20, 2022.
             Was a Follower of Hepliaklqana.
             Slain by a hobgoblin (4 damage)
             ... on level 1 of the Dungeon.
             The game lasted 00:01:57 (825 turns).

spaghetti the Caller (Naga Summoner)                 Turns: 825, Time: 00:01:58

Health: -1/19      AC:  1    Str: 10    XL:     2   Next: 83%
Magic:  4/6        EV:  9    Int: 15    God:    Hepliaklqana [*.....]
Gold:   21         SH:  0    Dex: 11    Spells: 6/7 levels left

rFire   . . .      SeeInvis +   (no weapon)
rCold   . . .      Faith    .   (no shield)
rNeg    . . .      Spirit   .   a - +0 robe
rPois   +          Reflect  .   (no helmet)
rElec   .          Harm     .   (no cloak)
rCorr   .          Rampage  .   (no gloves)
Will    .....                   (no barding)
Stlth   ++........              (no amulet)
HPRegen 0.06/turn               (no ring)
MPRegen 0.10/turn               (no ring)

@: short of breath, very slow
A: reduced essence, AC +0, large, see invisible, deformed body, poison
resistance, slowness 2, spit poison 1, naga tail 1
a: Spit Poison, Renounce Religion, Recall Ancestor, Ancestor Identity


You were on level 1 of the Dungeon.
You worshipped Hepliaklqana.
Hepliaklqana was aware of your devotion.
You visited 1 branch of the dungeon, and saw 1 of its levels.

You collected 21 gold pieces.

Inventory:

Armour
 a - a +0 robe (worn)


   Skills:
 - Level 1.5 Dodging
 - Level 3.0 Stealth
 + Level 0.4 Unarmed Combat
 - Level 3.0 Spellcasting
 - Level 4.0 Summonings


You had 6 spell levels left.
You knew the following spells:

 Your Spells              Type           Power      Damage    Failure   Level
a - Summon Small Mammal   Summ           56%        N/A       3%          1

Your spell library contained the following spells:

 Spells                   Type           Power      Damage    Failure   Level
 Call Imp                 Summ           14%        N/A       6%          2
 Call Canine Familiar     Summ           14%        N/A       12%         3
 Summon Guardian Golem    Hex/Summ       8%         N/A       26%         3
 Summon Lightning Spire   Summ/Air       8%         N/A       65%         4


Dungeon Overview and Level Annotations

Branches:
Dungeon (1/15)

Altars:
Hepliaklqana


Innate Abilities, Weirdness & Mutations

Your life essence is reduced to manifest your ancestor. (-10% HP)
Your serpentine skin is tough. (AC +0)
You have supernaturally acute eyesight. (SInv)
Armour fits poorly on your strangely shaped body.
Your system is resistant to poisons. (rPois)
You cover ground very slowly.
You can spit poison.
You have a snake-like lower body.


Message History

Press: ? - help, Q - select action, (/) - cycle Shift-Dir - straight line, f - dart slug
Aim: a dart slug (almost dead, 100% to hit)
The splash of poison hits the dart slug!
The dart slug is poisoned.
You kill the dart slug!
Casting: Summon Small Mammal (safe; 3% risk of failure)
Confirm with . or Enter, or press ? or * to list all spells.
The hobgoblin hits you. The goblin hits you with a +0 club.
Casting: Summon Small Mammal (safe; 3% risk of failure)
Confirm with . or Enter, or press ? or * to list all spells.
The hobgoblin hits you.
* * * LOW HITPOINT WARNING * * *
The goblin closely misses you.
Your rat bites the goblin.
Unknown command.
Your quokka completely misses the goblin.
The goblin hits something with a +0 club.
You barely miss the hobgoblin.
Your quokka closely misses the goblin.
The hobgoblin hits you.
* * * LOW HITPOINT WARNING * * *
You aren't carrying any scrolls.
Unknown command.
You aren't carrying any potions.
You closely miss the hobgoblin. The hobgoblin hits you.
* * * LOW HITPOINT WARNING * * *
Something completely misses your quokka.
A hobgoblin comes into view.
Unknown command.
You barely miss the hobgoblin.
You have got your breath back.
Your quokka barely misses the hobgoblin.
The hobgoblin barely misses you. Something closely misses your quokka.
The hobgoblin barely misses your quokka.
Your quokka closely misses the hobgoblin.
Aiming: Spit Poison (2% risk of failure)
Press: ? - help, Q - select action, (/) - cycle Shift-Dir - straight line, f - hobgoblin
Aim: a hobgoblin (ally target, 59% to hit)
The splash of poison hits the hobgoblin but does no damage.
The hobgoblin is poisoned.
The hobgoblin hits you.
You die...

#.#...# #..###.#####
#.##### #....#.# #.####
#.##.#.# .....#
#.##.#.# #.##.#
###....#.######## #...
....................
####.......##.##rrg..##
###.###.#.##g#†## #
!..#..@## .g ###.#.##.#
. ##. ... .. ..... ..
....... ## #######


You could see 2 hobgoblins and a friendly quokka (summoned).

Vanquished Creatures
  2 dart slugs (D:1)
  2 endoplasms (D:1)
  2 goblins (D:1)
  2 hobgoblins (D:1)
  A kobold (D:1)
  A quokka (D:1)
  A bat (D:1)
  3 frilled lizards (D:1)
  3 rats (D:1)
17 creatures vanquished.

Vanquished Creatures (others)
  An ancestor (D:1)
1 creature vanquished.

Grand Total: 18 creatures vanquished

Notes
Turn   | Place    | Note
-------+----------+-------------------------------------------
     0 | D:1      | spaghetti the Naga Summoner began the quest for the Orb.
     0 | D:1      | Reached XP level 1. HP: 15/15 MP: 3/3
   302 | D:1      | Reached XP level 2. HP: 15/22 MP: 3/5
   608 | D:1      | Found a faded altar of an unknown god.
   618 | D:1      | Prayed at the altar of an unknown god.
   618 | D:1      | Became a worshipper of Hepliaklqana the Forgotten
   618 | D:1      | Reached * piety under Hepliaklqana
   825 | D:1      | Slain by a hobgoblin

Illustrated notes

Levels and vault maps discovered:
D:1:      amcnicky_arrival_gap_in_the_tavern_cellar, layout_basic,
          shapermc_ecumenical_altar_mp_ritualfount, minmay_ruptured

Skill      XL: |  1  2 |
---------------+-------+-----
Spellcasting   | 3 |  3.0
Dodging        | |  1.5
Stealth        | |  3.0
Unarmed Combat | |  0.4
Summonings     | |  4.0

Action                   || total
-------------------------++-------
Melee: Unarmed           ||    30
 Cast: Summon Small Mamm ||     2
 Abil: Spit Poison       ||    18
Armor: Robe              ||     1
Dodge: Dodged            ||    19
